 Dungeon Crawl Stone Soup version 0.32-a0-643-ga006e7742e (webtiles) character file.

Game seed: 239476641214354386

3818 runemasterragnar the Prestidigitator (level 10, 0/76 HPs)
             Began as a Coglin Artificer on Mar 7, 2024.
             Was an Initiate of Wu Jian.
             Slain by a +3 spectral quarterstaff (9 damage)
             ... created by Joseph
             ... on level 8 of the Dungeon.
             The game lasted 00:11:39 (8056 turns).

runemasterragnar the Prestidigitator (CoAr)         Turns: 8056, Time: 00:11:40

Health: 0/76       AC: 12    Str: 16    XL:     10   Next: 17%
Magic:  10/10      EV:  7    Int: 11    God:    Wu Jian [......]
Gold:   448        SH:  0    Dex: 15    Spells: 9/9 levels left

rFire   . . .        B - +3 scimitar (freeze) {Kyogo}
rCold   . . .        y - +5 dagger {Urai}
rNeg    . . .        p - +0 chain mail
rPois   .            (no helmet)
rElec   .            H - +0 cloak
rCorr   .            q - +0 pair of gloves
SInv    .            (no boots)
Will    .....        (amulet unavailable) Stlth
                     (ring unavailable)
HPRegen 0.32/turn    (ring unavailable)
MPRegen 0.12/turn    (no gizmo)

%: no passive effects
@: invisible
A: off-hand wielding, slow wielding, warmup strikes, no jewellery
a: Invent Gizmo, Renounce Religion


You were on level 8 of the Dungeon.
You worshipped Wu Jian.
Wu Jian was noncommittal.
You visited 2 branches of the dungeon, and saw 9 of its levels.

You collected 448 gold pieces.

Inventory:

Hand Weapons
 a - a +0 club {Ekveer}
 f - a +0 dagger {Edmée}
 i - a +0 mace {Gebhard}
 j - a +0 hand axe {Qiang}
 l - a +0 hand axe {Kulveer}
 m - a +2 dagger of flaming
 o - a +2 dagger of speed {Surin}
 s - a +1 dagger of flaming {Surin}
 y - a +5 dagger (offhand) {Urai}
 B - a +3 scimitar of freezing (weapon) {Kyogo}
Missiles
 r - 3 javelins (quivered)
 E - 4 darts of dispersal
Armour
 p - a +0 chain mail (worn)
 q - a +0 pair of gloves (worn)
 H - a +0 cloak (worn)
Talismans
 I - a beast talisman
Wands
 c - a wand of flame (12)
 d - a wand of charming (10)
 e - a wand of iceblast (6)
 h - a wand of quicksilver (14)
 A - a wand of polymorph (11)
Scrolls
 b - 3 scrolls of amnesia
 g - 5 scrolls of teleportation
 u - 2 scrolls of vulnerability
 v - 2 scrolls of enchant weapon
 w - 2 scrolls of fog
 G - a scroll of enchant armour {unknown}
 K - a scroll of fear
Potions
 k - 2 potions of heal wounds
 n - 3 potions of curing
 x - 4 potions of might
 C - 3 potions of ambrosia {unknown}
 D - a potion of mutation {unknown}
 F - a potion of degeneration {unknown}
 J - a potion of enlightenment {unknown}


   Skills:
 + Level 6.3 Fighting
 - Level 4.0(5.6) Short Blades
 * Level 6.4(7.1) Long Blades
 - Level 1.0 Axes
 + Level 4.0 Throwing
 + Level 5.9 Armour
 - Level 0.8 Dodging
 - Level 0.7 Stealth
 + Level 9.1 Evocations


You had 9 spell levels left.
You didn't know any spells.
Your spell library contained the following spells:

 Spells                   Type           Power      Damage    Failure   Level
 Apportation              Tloc           0%         N/A       98%         1
 Freeze                   Ice            0%         1d3       98%         1
 Necrotise                Necr           0%         1d4       98%         1
 Sting                    Conj/Alch      0%         1d3       98%         1
 Summon Small Mammal      Summ           0%         N/A       98%         1
 Jinxbite                 Hex            0%         N/A       99%         2
 Frozen Ramparts          Ice            0%         1d1       100%        3
 Hailstorm                Conj/Ice       0%         3d5       100%        3
 Cause Fear               Hex            0%         N/A       100%        4
 Fireball                 Conj/Fire      0%         3d3       100%        5
 Yara's Violent Unravell  Hex/Alch       0%         3d3       100%        5
 Enfeeble                 Hex            0%         N/A       100%        7
 Dragon's Call            Summ           0%         N/A       100%        9


Dungeon Overview and Level Annotations

Branches:
Dungeon (8/15)             Temple (1/1) D:5
   Lair: D:8-11

Altars:
Cheibriados
Dithmenos
Elyvilon
Hepliaklqana
Makhleb
Nemelex Xobeh
Qazlal
Ru
Sif Muna
Uskayaw
Vehumet
Wu Jian
Xom
Yredelemnul
Zin
The Shining One

Shops:
D:4 =

Annotations:
D:8 Joseph, Psyche


Innate Abilities, Weirdness & Mutations

You can wield a second weapon in your off-hand.
It takes a long time for you to wield or remove held weapons.
Your first few attacks do less damage.
You cannot equip rings or amulets.


Message History

Joseph is lightly wounded.
You slash Joseph with your +3 scimitar of freezing!
You freeze Joseph.
Joseph hits you with a +3 spectral quarterstaff!
The +3 spectral quarterstaff closely misses you.
You puncture Joseph with your +5 dagger!
Joseph is moderately wounded.
You barely miss Joseph with your +3 scimitar of freezing.
Joseph hits you with a +3 spectral quarterstaff!
* * * LOW HITPOINT WARNING * * *
The +3 spectral quarterstaff hits you.
* * * LOW HITPOINT WARNING * * *
Okay, then.
Blink to where?
Press: ? - help, Dir - move target
As you read the scroll of blinking, it crumbles to dust.
Joseph unwields a +3 spectral quarterstaff.
The +3 spectral quarterstaff disappears.
Joseph wields a +0 sling.
Joseph shoots a sling bullet.
The sling bullet hits you!
* * * LOW HITPOINT WARNING * * *
You feel much better.
You fade into invisibility!
Joseph shoots a sling bullet.
The sling bullet hits you!
* * * LOW HITPOINT WARNING * * *
Unknown command.
Joseph shoots a sling bullet.
You start resting.
Joseph is nearby!
Aiming: Quicksilver Bolt
Press: ? - help, Shift-Dir - straight line, f - Joseph
Aim: Joseph, wielding a +0 sling and wearing a +0 leather armour (moderately wounded, unable to see you, 74% to hit)
The bolt of dispelling energy hits Joseph!!
Joseph is severely wounded.
Joseph unwields a +0 sling.
Joseph wields a +3 spectral quarterstaff.
Joseph hits you with a +3 spectral quarterstaff!
* * * LOW HITPOINT WARNING * * *
The +3 spectral quarterstaff hits you!
You die...

#.## #.....#..#..... ###..###
###.....#..##.. #...@..#
#.....#.#....
#......#######....#..#....
#<........#...............
#.....#...................
#.....##..................
#.....####@.........<.....
###########@(...............
............................
######..###................
##)....## ##...............
#).##### #............... ##.##
#........#.....# ###.)#
##........##...##
####...##########.........##.....
#.....## #..>.............##)####


You could see Joseph (unable to see you) and a +3 spectral quarterstaff
(wandering, unable to see you).

Vanquished Creatures
  A two-headed ogre (D:7)
  A hornet (D:8)
  A wyvern (D:7)
  3 yaks (D:8)
  A steam dragon (D:7)
  A water moccasin (D:6)
  An orc warrior (D:8)
  A sky beast (D:7)
  An ice beast (D:4)
  2 black bears
  2 ogres
  A centaur (D:8)
  2 gnoll sergeants (D:8)
  2 scorpions (D:6)
  6 wights
  2 howler monkeys
  A quasit (D:7)
  A bombardier beetle (D:3)
  4 jellies
  5 hounds
  3 iguanas
  Terence (D:3)
  An orc wizard (D:7)
  2 sleepcaps (D:6)
  Natasha (thrice) (D:2)
  Robin (D:4)
  9 gnolls (D:8)
  8 adders
  4 shadow imps
  4 white imps
  2 ribbon worms
  12 orcs
  7 endoplasms
  3 giant cockroaches
  15 goblins
  8 hobgoblins
  2 jackals (D:4)
  3 quokkas
  7 ball pythons
  3 bats
  3 frilled lizards (D:1)
  2 goblin skeletons (D:7)
  A goblin zombie (D:7)
  A hobgoblin zombie (D:7)
  11 kobolds
  A kobold skeleton (D:7)
  2 kobold zombies (D:7)
  An orc zombie (D:7)
  5 rats
164 creatures vanquished.

Vanquished Creatures (collateral kills)
  A bullfrog (D:7)
  A scorpion (D:5)
  An orc priest (D:7)
  2 orc wizards (D:7)
  A gnoll (D:8)
  An orc (D:7)
7 creatures vanquished.

Vanquished Creatures (others)
  A yak (D:8)
  An ogre (D:5)
  A shadow imp (D:7)
3 creatures vanquished.

Grand Total: 174 creatures vanquished

Notes
Turn   | Place    | Note
-------+----------+-------------------------------------------
     0 | D:1      | runemasterragnar the Coglin Artificer began the quest for
                  | the Orb.
     0 | D:1      | Reached XP level 1. HP: 15/15 MP: 1/1
   267 | D:1      | Reached XP level 2. HP: 21/21 MP: 2/2
   879 | D:2      | Reached XP level 3. HP: 24/27 MP: 3/3
  1152 | D:2      | Noticed Natasha
  1158 | D:2      | Killed Natasha
  1200 | D:2      | Noticed Natasha
  1262 | D:2      | Killed Natasha
  1263 | D:2      | Reached skill level 5 in Evocations
  1263 | D:2      | Reached XP level 4. HP: 31/34 MP: 4/4
  1279 | D:2      | Noticed Natasha
  1285 | D:2      | Killed Natasha
  1564 | D:2      | Found a faded altar of an unknown god.
  1675 | D:2      | Reached skill level 1 in Axes
  1754 | D:3      | Reached XP level 5. HP: 37/39 MP: 5/5
  1987 | D:3      | Reached skill level 1 in Short Blades
  2564 | D:3      | Noticed Terence
  2579 | D:3      | Killed Terence
  2887 | D:4      | Reached XP level 6. HP: 33/47 MP: 6/6
  2960 | D:4      | Noticed Robin
  2984 | D:4      | Killed Robin
  3261 | D:4      | Noticed an ice beast
  3275 | D:4      | Killed an ice beast
  3276 | D:4      | Reached skill level 6 in Evocations
  3276 | D:4      | Reached XP level 7. HP: 24/52 MP: 7/7
  3727 | D:4      | Found Qetum's Jewellery Emporium.
  3985 | D:5      | Entered Level 5 of the Dungeon
  4034 | D:5      | Reached XP level 8. HP: 34/60 MP: 8/8
  4125 | D:5      | Found a shimmering blue altar of Sif Muna.
  4200 | D:5      | Reached skill level 1 in Long Blades
  4489 | D:5      | Reached skill level 7 in Evocations
  4629 | D:5      | Found a staircase to the Ecumenical Temple.
  4643 | Temple   | Entered the Ecumenical Temple
  4935 | D:6      | Reached skill level 1 in Throwing
  5143 | D:6      | Found a burning altar of Makhleb.
  5780 | D:7      | Noticed a two-headed ogre
  5785 | D:7      | Reached skill level 5 in Fighting
  5789 | D:7      | Reached XP level 9. HP: 23/68 MP: 9/9
  5793 | D:7      | Reached skill level 5 in Armour
  5793 | D:7      | Reached skill level 8 in Evocations
  6457 | D:7      | Found a glowing golden altar of the Shining One.
  6659 | D:7      | Reached skill level 5 in Long Blades
  6760 | D:7      | Found an ornate altar of the Wu Jian Council.
  6975 | D:7      | Became a worshipper of the Wu Jian Council
  7007 | D:8      | Noticed Psyche
  7079 | D:8      | Reached XP level 10. HP: 44/76 MP: 10/10
  7124 | D:8      | Paralysed by a hornet for 2 turns
  7128 | D:8      | Reached skill level 9 in Evocations
  7810 | D:8      | Found a shadowy altar of Dithmenos.
  8037 | D:8      | Noticed Joseph
  8056 | D:8      | Slain by a +3 spectral quarterstaff

Illustrated notes

Levels and vault maps discovered:
D:1:      wander_arrival_estate, layout_basic
D:2:      layout_basic, dilly_ecumenical_altar_fadedgnrine, minmay_box_of_dots,
          uniq_natasha
D:3:      layout_basic, minmay_misc_feat_cross, chequers_serial_rivers_room_a,
          hex_tiny, minmay_misc_feat_chi, serial_bayou_ford_a, st_stairs_10,
          corexii_corridor_pit, uniq_terence
D:4:      layout_basic, serial_shops, shop, uniq_robin
D:5:      layout_cave_pools, lemuel_doored_altar,
          minmay_temple_entry_glassed_door
D:6:      layout_cave_pools, mainiacjoe_overflow_six_doors_small,
          minmay_statues_item, serial_library_hellmonk_filled_rooms,
          kennysheep_opposing_triangles
D:7:      layout_rooms, nicolae_tso_besieged_by_evil, kennysheep_little_box,
          serial_demonic, serial_demonic_d, serial_demonic_f, serial_demonic_c,
          serial_demonic_g, kennysheep_small_square
D:8:      layout_rooms, mainiacjoe_overflow_tiny_flanked, uniq_joseph,
          uniq_maggie, uniq_psyche
Temple:   grunt_temple_mini_profane

Skill      XL: |  1  2  3  4  5  6  7  8  9 10 |
---------------+-------------------------------+-----
Armour         | 2 3 4 5 |  5.9
Fighting       | 2 3 4 5 6 |  6.3
Evocations     | 5 6 7 8 9 |  9.1
Axes           | 1 |  1.0
Short Blades   | 1 3 4 |  4.0
Long Blades    | 3 6 |  6.4
Throwing       | 2 3 4 |  4.0
Dodging        | |  0.8
Stealth        | |  0.7

Action                     |  1- 3 |  4- 6 |  7- 9 | 10-12 || total
---------------------------+-------+-------+-------+-------++-------
  Melee: Dagger            |    13 |   240 |   207 |    29 ||   489
         Club              |    11 |       |       |       ||    11
         Hand axe          |    86 |    32 |       |       ||   118
         Mace              |     9 |       |       |       ||     9
         Scimitar          |       |       |   105 |    30 ||   135
  Throw: Javelin           |       |       |     5 |       ||     5
Ability: Lunge             |       |       |     3 |     3 ||     6
  Evoke: Wand              |       |     2 |    10 |     6 ||    18
    Use: Scroll            |       |     8 |     2 |     1 ||    11
         Potion            |       |     1 |       |     2 ||     3
   Stab: Sleeping          |     3 |       |       |       ||     3
         Invisible         |       |     2 |       |       ||     2
 Armour: Leather armour    |    31 |       |       |       ||    31
         Chain mail        |    18 |   104 |   139 |    42 ||   303
  Dodge: Dodged            |    27 |    33 |    52 |     9 ||   121

Table legend: (Time is in decaauts)
 A = Elapsed time spent in this place.
 B = Non-inter-level travel time spent in this place.
 C = Inter-level travel time spent in this place.
 D = Time resting spent in this place.
 E = Time spent auto-exploring this place.
 F = Levels seen in this place.
 G = Mean time per level.
                   A        B        C        D        E       F      G
               +--------+--------+--------+--------+--------+-----+--------+
         Total |   8035 |   7710 |    325 |   1525 |   4809 |   9 |  892.8 |
       Dungeon |   8033 |   7708 |    325 |   1525 |   4809 |   8 | 1004.1 |
        Temple |      1 |      1 |      0 |      0 |      0 |   1 |    1.0 |
               +--------+--------+--------+--------+--------+-----+--------+

Top non-repeatable levels by time:
     D:6: 1476 daAuts
     D:4: 1106 daAuts
     D:3: 1097 daAuts
     D:8: 1017 daAuts
     D:5: 933 daAuts
     D:1: 926 daAuts
     D:2: 836 daAuts
     D:7: 639 daAuts
  Temple: 1 daAuts
